MLB
CLEVELAND GUARDIANS @ MINNESOTA TWINS
07/15/2099
 
TOP OF THE 1ST
Cleveland Guardians batting - Pitching for Minnesota Twins : LHP Alan Weirauch
Pitching: LHP Alan Weirauch
Batting: LHB Jonathan Setzler 0-0: Foul Ball, location: 2F
0-1: Ball
1-1: Called Strike
1-2: Ball
2-2: Ball
3-2: Fly out, F9 (Flyball, 89M, EV 80.6 MPH)
Batting: RHB Mike Maddy 0-0: Ground out 6-3 (Groundball, 6, EV 85.6 MPH)
Batting: RHB Rogelio Cosme 0-0: Fly out, F7 (Line Drive, 7, EV 86.3 MPH)
Top of the 1st over - 0 runs, 0 hits, 0 errors, 0 left on base; Cleveland 0 - Minnesota 0
BOTTOM OF THE 1ST
Minnesota Twins batting - Pitching for Cleveland Guardians : RHP Reed Harris
Pitching: RHP Reed Harris
Batting: RHB David Bazley 0-0: Ball
1-0: Swinging Strike
1-1: Ball
2-1: SINGLE (Line Drive, 89S, EV 98.8 MPH)
Batting: SHB Jim Whitlock 0-0: Foul Ball, location: 3SF
0-1: Ball
1-1: Ball
2-1: Ball
3-1: SINGLE (Popup, 4MD, EV 37.5 MPH)
David Bazley to second
Batting: SHB William Maki 0-0: Called Strike
0-1: Foul Ball, location: 3F
0-2: SINGLE (Line Drive, 9LS, EV 83.8 MPH)
David Bazley to third
Jim Whitlock to second
Batting: RHB Bill Widby 0-0: Ball
1-0: Called Strike
1-1: Swinging Strike
1-2: Strikes out looking
Batting: LHB Emilio Gonzales 0-0: Called Strike
0-1: Ball
1-1: Ball
2-1: Swinging Strike
2-2: Strikes out swinging
Batting: SHB Dan Mayes 0-0: Called Strike
0-1: Ball
1-1: Called Strike
1-2: Strikes out looking
Bottom of the 1st over - 0 runs, 3 hits, 0 errors, 3 left on base; Cleveland 0 - Minnesota 0
TOP OF THE 2ND
Cleveland Guardians batting - Pitching for Minnesota Twins : LHP Alan Weirauch
Batting: RHB Barry Nicholson 0-0: Ball
1-0: Called Strike
1-1: Swinging Strike
1-2: Strikes out looking
Batting: LHB Mel Soto 0-0: Fly out, F9 (Flyball, 89S, EV 83.1 MPH)
Batting: RHB Brian Ruble 0-0: Ball
1-0: Ball
2-0: Ball
3-0: Called Strike
3-1: Base on Balls
Batting: RHB Chris Goacher 0-0: Called Strike
0-1: Fly out, F8 (Flyball, 8RD, EV 110.0 MPH)
Top of the 2nd over - 0 runs, 0 hits, 0 errors, 1 left on base; Cleveland 0 - Minnesota 0
BOTTOM OF THE 2ND
Minnesota Twins batting - Pitching for Cleveland Guardians : RHP Reed Harris
Batting: RHB Greg Schuler 0-0: Foul Ball, location: 7LSF
0-1: Fly out, F9 (Flyball, 9S, EV 88.1 MPH)
Batting: RHB Dennis Jackson 0-0: Called Strike
0-1: Foul Ball, location: 9LMF
0-2: Ball
1-2: Ground out 6-3 (Groundball, 56, EV 83.1 MPH)
Batting: LHB Chris Armstrong 0-0: Called Strike
0-1: Ball
1-1: Ball
2-1: Ball
3-1: Base on Balls
Batting: RHB David Bazley 0-0: Foul Ball, location: 9LDF
0-1: Ball
1-1: Foul Ball, location: 2LF
1-2: SINGLE (Line Drive, 7S, EV 105.6 MPH)
Chris Armstrong to second
Batting: SHB Jim Whitlock 0-0: Ball
1-0: Foul Ball, location: 5FF
1-1: Ball
2-1: Swinging Strike
2-2: Ball
3-2: Fly out, F9 (Flyball, 89D, EV 108.8 MPH)
Bottom of the 2nd over - 0 runs, 1 hit, 0 errors, 2 left on base; Cleveland 0 - Minnesota 0
TOP OF THE 3RD
Cleveland Guardians batting - Pitching for Minnesota Twins : LHP Alan Weirauch
Batting: LHB Matt Cleary 0-0: Fly out, F2 (Popup, 5SF, EV 88.1 MPH)
Batting: LHB Dallas Ostrove 0-0: Called Strike
0-1: Called Strike
0-2: Ball
1-2: Ball
2-2: Ball
3-2: Foul Ball, location: 2F
3-2: Strikes out looking
Batting: LHB Jonathan Setzler 0-0: Called Strike
0-1: Ball
1-1: Ball
2-1: Foul Ball, location: 2RF
2-2: Strikes out looking
Top of the 3rd over - 0 runs, 0 hits, 0 errors, 0 left on base; Cleveland 0 - Minnesota 0
BOTTOM OF THE 3RD
Minnesota Twins batting - Pitching for Cleveland Guardians : RHP Reed Harris
Batting: SHB William Maki 0-0: Ball
1-0: Ground out U3 (Groundball, 3, EV 103.8 MPH)
Batting: RHB Bill Widby 0-0: Ball
1-0: Called Strike
1-1: Called Strike
1-2: Fly out, F3 (Popup, 3F, EV 73.1 MPH)
Batting: LHB Emilio Gonzales 0-0: Foul Ball, location: 23FF
0-1: Swinging Strike
0-2: Fly out, F7 (Line Drive, 7S, EV 91.3 MPH)
Bottom of the 3rd over - 0 runs, 0 hits, 0 errors, 0 left on base; Cleveland 0 - Minnesota 0
TOP OF THE 4TH
Cleveland Guardians batting - Pitching for Minnesota Twins : LHP Alan Weirauch
Batting: RHB Mike Maddy 0-0: Ball
1-0: Ball
2-0: Ground out 4-3 (Groundball, 4S, EV 86.9 MPH)
Batting: RHB Rogelio Cosme 0-0: Ball
1-0: Ball
2-0: Ball
3-0: Base on Balls
Batting: RHB Barry Nicholson 0-0: Ball
1-0: Foul Ball, location: 25F
1-1: Swinging Strike
1-2: Strikes out swinging
Batting: LHB Mel Soto 0-0: Called Strike
0-1: Ball
1-1: Ball
2-1: Foul Ball, location: 2F
2-2: 2-RUN HOME RUN (Flyball, 9D, EV 106.9 MPH), Distance : 410 ft
Batting: RHB Brian Ruble 0-0: Foul Ball, location: 9LSF
0-1: Foul Ball, location: 2F
0-2: Strikes out swinging
Top of the 4th over - 2 runs, 1 hit, 0 errors, 0 left on base; Cleveland 2 - Minnesota 0
BOTTOM OF THE 4TH
Minnesota Twins batting - Pitching for Cleveland Guardians : RHP Reed Harris
Batting: SHB Dan Mayes 0-0: Swinging Strike
0-1: Fly out, F6 (Popup, 6, EV 55.6 MPH)
Batting: RHB Greg Schuler 0-0: Foul Ball, location: 5F
0-1: Called Strike
0-2: Strikes out looking
Batting: RHB Dennis Jackson 0-0: Ball
1-0: Called Strike
1-1: Foul Ball, location: 3SF
1-2: Strikes out looking
Bottom of the 4th over - 0 runs, 0 hits, 0 errors, 0 left on base; Cleveland 2 - Minnesota 0
TOP OF THE 5TH
Cleveland Guardians batting - Pitching for Minnesota Twins : LHP Alan Weirauch
Batting: RHB Chris Goacher 0-0: Ball
1-0: Swinging Strike
1-1: Ball
2-1: Foul Ball, location: 2F
2-2: Strikes out swinging
Batting: LHB Matt Cleary 0-0: Ball
1-0: Ball
2-0: Single, Error in OF, E8, batter to second base (Line Drive, 78M, EV 103.1 MPH)
Batting: LHB Dallas Ostrove 0-0: Ball
Wild Pitch!
Matt Cleary to third
1-0: Ground out U3 (Groundball, 3, EV 103.1 MPH)
Batting: LHB Jonathan Setzler 0-0: Ball
1-0: Ground out 6-3 (Groundball, 6S, EV 68.1 MPH)
Top of the 5th over - 0 runs, 1 hit, 1 error, 1 left on base; Cleveland 2 - Minnesota 0
BOTTOM OF THE 5TH
Minnesota Twins batting - Pitching for Cleveland Guardians : RHP Reed Harris
Batting: LHB Chris Armstrong 0-0: Ball
1-0: Ground out 6-3 (Groundball, 6M, EV 103.8 MPH)
Batting: RHB David Bazley 0-0: Ball
1-0: Called Strike
1-1: Swinging Strike
1-2: Ball
2-2: Strikes out swinging
Batting: SHB Jim Whitlock 0-0: Swinging Strike
0-1: Swinging Strike
0-2: Ball
1-2: Foul Ball, location: 2F
1-2: Strikes out looking
Bottom of the 5th over - 0 runs, 0 hits, 0 errors, 0 left on base; Cleveland 2 - Minnesota 0
TOP OF THE 6TH
Cleveland Guardians batting - Pitching for Minnesota Twins : LHP Alan Weirauch
Batting: RHB Mike Maddy 0-0: Ball
1-0: Swinging Strike
1-1: Foul Ball, location: 23F
1-2: Strikes out swinging
Batting: RHB Rogelio Cosme 0-0: Called Strike
0-1: Called Strike
0-2: Foul Ball, location: 2F
0-2: Foul Ball, location: 9LMFF
0-2: SINGLE (Groundball, 4MD, EV 102.5 MPH)
Batting: RHB Barry Nicholson 0-0: Ball
1-0: Foul Ball, location: 5FF
1-1: Fly out, F8 (Flyball, 8RXD, EV 82.5 MPH)
Batting: LHB Mel Soto 0-0: Ball
1-0: Ball
2-0: Called Strike
2-1: Ball
3-1: Base on Balls
Rogelio Cosme to second
Batting: RHB Brian Ruble 0-0: Called Strike
0-1: Foul Ball, location: 5F
0-2: Strikes out looking
Top of the 6th over - 0 runs, 1 hit, 0 errors, 2 left on base; Cleveland 2 - Minnesota 0
BOTTOM OF THE 6TH
Minnesota Twins batting - Pitching for Cleveland Guardians : RHP Reed Harris
Batting: SHB William Maki 0-0: Ball
1-0: Called Strike
1-1: Called Strike
1-2: Foul Ball, location: 2RF
1-2: Ball
2-2: Ball
3-2: Ground out U3 (Groundball, 3S, EV 88.1 MPH)
Batting: RHB Bill Widby 0-0: Called Strike
0-1: Swinging Strike
0-2: Strikes out swinging
Batting: LHB Emilio Gonzales 0-0: Called Strike
0-1: Ball
1-1: SOLO HOME RUN (Flyball, 89XD, EV 102.5 MPH), Distance : 405 ft
Batting: SHB Dan Mayes 0-0: Foul Ball, location: 7LSF
0-1: Foul Ball, location: 2F
0-2: SINGLE (Groundball, 6D, EV 83.8 MPH) (infield hit)
Batting: RHB Greg Schuler 0-0: Ball
1-0: Ball
2-0: Foul Ball, location: 3F
2-1: Swinging Strike
2-2: Strikes out swinging
Bottom of the 6th over - 1 run, 2 hits, 0 errors, 1 left on base; Cleveland 2 - Minnesota 1
TOP OF THE 7TH
Cleveland Guardians batting - Pitching for Minnesota Twins : LHP Alan Weirauch
Batting: RHB Chris Goacher 0-0: Ground out 5-3 (Groundball, 5S, EV 79.4 MPH)
Batting: LHB Matt Cleary 0-0: Foul Ball, location: 2F
0-1: Ball
1-1: Swinging Strike
1-2: Ball
2-2: Foul Ball, location: 2F
2-2: SINGLE (Line Drive, 89M, EV 108.8 MPH)
Batting: LHB Dallas Ostrove 0-0: Ball
1-0: Foul Ball, location: 2F
1-1: Called Strike
1-2: Fly out, F8 (Flyball, 8RD, EV 106.9 MPH)
Batting: LHB Jonathan Setzler 0-0: Ball
1-0: Called Strike
1-1: Foul Ball, location: 3SF
1-2: Strikes out swinging
Top of the 7th over - 0 runs, 1 hit, 0 errors, 1 left on base; Cleveland 2 - Minnesota 1
BOTTOM OF THE 7TH
Minnesota Twins batting - Pitching for Cleveland Guardians : RHP Reed Harris
Pinch Hitting: LHB Dan Barker 0-0: Ball
1-0: Ball
2-0: Ball
3-0: Base on Balls
Batting: LHB Chris Armstrong 0-0: Ball
1-0: Ball
2-0: Fly out, F8 (Flyball, 8LD, EV 92.5 MPH)
Batting: RHB David Bazley 0-0: Ball
1-0: Called Strike
1-1: Grounds out, U3 (Groundball, 3L, EV 98.1 MPH)
Batting: SHB Jim Whitlock 0-0: Called Strike
0-1: DOUBLE (Flyball, 78D, EV 93.8 MPH)
Dan Barker scores
Pitching: RHP Justin Hardy
Batting: SHB William Maki 0-0: Ball
1-0: Ball
Wild Pitch!
Jim Whitlock to third
2-0: Ball
3-0: Called Strike
3-1: Foul Ball, location: 9LSF
3-2: Base on Balls
Batting: RHB Bill Widby 0-0: Fly out, F9 (Flyball, 9LMF, EV 95.0 MPH)
Bottom of the 7th over - 1 run, 1 hit, 0 errors, 2 left on base; Cleveland 2 - Minnesota 2
TOP OF THE 8TH
Cleveland Guardians batting - Pitching for Minnesota Twins : LHP Alan Weirauch
Pitching: RHP Jaden Moore
Now at SS: Nick White
Pinch Hitting: RHB Ciro Visconti 0-0: Ball
1-0: DOUBLE (Line Drive, 7LS, EV 108.1 MPH)
Batting: RHB Rogelio Cosme 0-0: Ball
1-0: Ball
2-0: Ball
3-0: Ground out 5-3 (Groundball, 56S, EV 80.0 MPH)
Batting: RHB Barry Nicholson 0-0: Swinging Strike
0-1: Ball
1-1: SINGLE (Line Drive, 4D, EV 100.0 MPH)
Ciro Visconti to third
Batting: LHB Mel Soto 0-0: Ball
1-0: Called Strike
1-1: Called Strike
Barry Nicholson steals 2nd base
1-2: Strikes out looking
Batting: SHB Jose Agramonte 0-0: Ball
1-0: Called Strike
1-1: Ball
2-1: Swinging Strike
2-2: Strikes out swinging
Top of the 8th over - 0 runs, 2 hits, 0 errors, 2 left on base; Cleveland 2 - Minnesota 2
BOTTOM OF THE 8TH
Minnesota Twins batting - Pitching for Cleveland Guardians : RHP Justin Hardy
Pitching: LHP Art Tesar
Now at SS: Donald Nohl
Batting: LHB Emilio Gonzales 0-0: Ball
1-0: Ball
2-0: Foul Ball, location: 23FF
2-1: Foul Ball, location: 2F
2-2: Ball
3-2: Base on Balls
Batting: SHB Dan Mayes 0-0: Sac Bunt to 23 - play at first, batter OUT! 3-4
Emilio Gonzales to second
Batting: RHB Greg Schuler 0-0: Intentional Walk
Batting: SHB Nick White 0-0: Ball
1-0: Called Strike
1-1: DOUBLE (Groundball, 5L, EV 110.0 MPH)
Emilio Gonzales scores
Greg Schuler to third
Batting: LHB Chris Armstrong 0-0: Called Strike
0-1: Ball
1-1: Ball
2-1: DOUBLE (Line Drive, 78M, EV 106.9 MPH)
Greg Schuler scores
Nick White scores
Batting: RHB David Bazley 0-0: Intentional Walk
Pitching: RHP Greg Hernandez
Batting: SHB Jim Whitlock 0-0: Ball
1-0: Ball
2-0: Called Strike
2-1: Foul Ball, location: 2F
2-2: Strikes out looking
Batting: SHB William Maki 0-0: Ball
1-0: Swinging Strike
1-1: Ball
2-1: SINGLE (Line Drive, 7LS, EV 91.9 MPH)
Chris Armstrong to third
David Bazley to second
Runner from 3rd tries for Home, SAFE, throw by LF to home
Batting: RHB Bill Widby 0-0: Swinging Strike
0-1: Swinging Strike
0-2: Ball
1-2: Ball
2-2: Strikes out swinging
Bottom of the 8th over - 4 runs, 3 hits, 0 errors, 2 left on base; Cleveland 2 - Minnesota 6
TOP OF THE 9TH
Cleveland Guardians batting - Pitching for Minnesota Twins : RHP Jaden Moore
Batting: RHB Chris Goacher 0-0: Called Strike
0-1: Swinging Strike
0-2: Strikes out swinging
Batting: LHB Matt Cleary 0-0: SINGLE (Line Drive, 5D, EV 97.5 MPH)
Batting: LHB Dallas Ostrove 0-0: Foul Ball, location: 7LDF
0-1: Ball
1-1: Ball
2-1: Called Strike
2-2: Strikes out looking
Batting: LHB Jonathan Setzler 0-0: Called Strike
0-1: Fly out, F8 (Line Drive, 8LD, EV 104.4 MPH)
Top of the 9th over - 0 runs, 1 hit, 0 errors, 1 left on base; Cleveland 2 - Minnesota 6
Saturday, May 11th , 2024 - OOTP Baseball 24.11 Build 85